 Dungeon Crawl Stone Soup version 0.31.0-12-g77e489cdc1 (webtiles) character file.

Game seed: 3816639490773305412

102 firemarshallily the Ruffian (level 4, -1/30 HPs)
             Began as an Octopode Shapeshifter on Mar 4, 2024.
             Was a Believer of Makhleb.
             Slain by an ogre
             ... wielding a +0 giant club
              (31 damage)
             ... on level 3 of the Dungeon.
             The game lasted 00:05:07 (1490 turns).

firemarshallily the Ruffian (Octopode Shapeshifter) Turns: 1490, Time: 00:05:07

Health: -1/30      AC:  1    Str: 15    XL:     4   Next: 77%
Magic:  4/4        EV: 13    Int: 12    God:    Makhleb [**....]
Gold:   240        SH:  0    Dex: 11    Spells: 3/3 levels left

rFire   . .          .
                       - Unarmed
rCold   . . .        (no shield)
rNeg    + . .        (helmet currently unavailable)
rPois   .            l - amulet of magic regeneration
rElec   .            q - ring of positive energy
rCorr   .            (no ring)
SInv    .            (no ring)
Will    .....        (no ring)
Stlth   ++           (no ring)
HPRegen 0.25/turn    (no ring)
MPRegen 0.49/turn    (no ring)
                     (no ring)

%: no passive effects
@: beast-form
A: beast (slay +1), almost no armour, amphibious, 8 rings, camouflage 1,
gelatinous body 1, (nimble swimmer 1), tentacles
a: Begin Untransformation, Renounce Religion, Minor Destruction


You were on level 3 of the Dungeon.
You worshipped Makhleb.
Makhleb was pleased with you.
You were a hulking beast.
You visited 1 branch of the dungeon, and saw 3 of its levels.

You collected 240 gold pieces.

Inventory:

Missiles
 n - 3 poisoned darts (quivered)
Jewellery
 l - an amulet of magic regeneration (around mantle)
 q - a ring of positive energy (left tentacle)
Talismans
 b - a beast talisman
 c - a flux talisman
Wands
 i - a wand of mindburst (11)
 o - a wand of acid (8)
Scrolls
 e - a scroll of amnesia {unknown}
 h - a scroll of fear {unknown}
 k - 2 scrolls of immolation {unknown}
 m - 2 scrolls of identify {unknown}
 p - 2 scrolls of teleportation {unknown}
Potions
 a - a potion of lignification
 d - a potion of brilliance {unknown}
 f - a potion of cancellation {unknown}
 g - 3 potions of curing {unknown}
 j - 2 potions of enlightenment {unknown}


   Skills:
 * Level 2.6 Fighting
 + Level 2.6 Dodging
 + Level 3.5 Unarmed Combat
 + Level 1.2 Invocations
 * Level 3.4 Shapeshifting


You had 3 spell levels left.
You didn't know any spells.
Your spell library was empty.

Dungeon Overview and Level Annotations

Branches:
Dungeon (3/15)

Altars:
Ashenzari
Kikubaaqudgha
Makhleb

Shops:
D:3 [


Innate Abilities, Weirdness & Mutations

You are a hulking beast.
Your limbs bulge with bestial killing power. (Slay +1)
You cannot wear most types of armour.
You are amphibious.
You can wear up to eight rings at the same time.
Your skin changes colour to match your surroundings (Stealth+).
Your rubbery body absorbs attacks. (AC +1, EV +1)
((You are camouflaged when in or above water. (Stealth+)))
You have tentacles for arms and can constrict up to eight enemies at once.


Message History

p - 2 scrolls labelled BEH CULUNUD An orc comes into view.
It is wielding a +0 dagger.
Found an encrusted wooden ring.
The orc shouts!
The orc completely misses you.
You tentacle-slap the orc. You grab the orc.
The orc is heavily wounded.
You constrict the orc. The orc barely misses you.
You tentacle-slap the orc.
You kill the orc!
Makhleb accepts your kill.
Things that are here:
a +0 dagger; an orc corpse
q - a ring of positive energy
q - a ring of positive energy (left tentacle)
Found a stone staircase leading up.
Found a quarterstaff.
Found Lauveac's Antique Armour Shoppe.
A rat comes into view.
An ogre comes into view. It is wielding a +0 giant club.
Found a stone staircase leading down.
Throw: 6 darts (poison)
Press: ? - help, Q - select action, (/) - cycle Shift-Dir - straight line, f - ogre
Aim: an ogre, wielding a +0 giant club (72% to hit)
You throw a poisoned dart. The poisoned dart hits the ogre.
Unknown command.
Throw: 5 darts (poison)
Press: ? - help, Q - select action, (/) - cycle Shift-Dir - straight line, f/p - ogre
Aim: an ogre, wielding a +0 giant club (72% to hit)
You throw a poisoned dart. The poisoned dart hits the ogre.
Unknown command.
Throw: 4 darts (poison)
Press: ? - help, Q - select action, (/) - cycle Shift-Dir - straight line, f/p - ogre
Aim: an ogre, wielding a +0 giant club (72% to hit)
You throw a poisoned dart. The poisoned dart hits the ogre.
Unknown command.
You tentacle-slap the ogre.
The ogre is lightly wounded.
The ogre hits you with a +0 giant club!!
Ouch! That really hurt!
You die...

...............#.#
...............#.#
....###........#.#
###...###.######.#
#.........# #)#
#....##.##### #.#
#..<.+.... ... #.#
#....#. .###.##.#
#......# .......h#
######## .......O#
.......(###
..)..###(.# .#<..
#(.# ##.......#
..>#...∩. ##
####... #.r##


You could see an ogre.

Vanquished Creatures
  An orc priest (D:2)
  An orc wizard (D:3)
  An adder (D:2)
  A ribbon worm (D:3)
  4 orcs
  A ball python (D:1)
  4 bats
  3 giant cockroaches
  4 goblins
  4 hobgoblins
  2 jackals (D:2)
  5 kobolds
  2 frilled lizards
33 creatures vanquished.

Notes
Turn   | Place    | Note
-------+----------+-------------------------------------------
     0 | D:1      | firemarshallily the Octopode Shapeshifter began the quest
                  | for the Orb.
     0 | D:1      | Reached XP level 1. HP: 13/13 MP: 1/1
   429 | D:1      | Reached XP level 2. HP: 15/18 MP: 2/2
   610 | D:2      | Found a faded altar of an unknown god.
   625 | D:2      | Prayed at the altar of an unknown god.
   625 | D:2      | Became a worshipper of Makhleb the Destroyer
   625 | D:2      | Reached * piety under Makhleb
   725 | D:2      | Found a broken altar of Ashenzari.
   957 | D:2      | Reached XP level 3. HP: 22/24 MP: 3/3
  1087 | D:2      | Reached skill level 1 in Invocations
  1087 | D:2      | Reached XP level 4. HP: 22/29 MP: 4/4
  1257 | D:3      | Identified the +5 leather armour of Kueplithripp {rN+ Dex-4
                  | Slay+3}
  1422 | D:3      | Found an ancient bone altar of Kikubaaqudgha.
  1433 | D:3      | Reached ** piety under Makhleb
  1477 | D:3      | Found Lauveac's Antique Armour Shoppe.
  1481 | D:3      | Noticed an ogre
  1490 | D:3      | Slain by an ogre

Illustrated notes

Levels and vault maps discovered:
D:1:      doesnt_arrival_eight_statues, layout_loops_cross
D:2:      minmay_door_path, layout_rooms, basic_altar, basic_ecumenical_altar
D:3:      layout_basic, nicolae_kikubaaqudgha_miasma_corner, serial_shops,
          nicolae_square_shop

Skill      XL: |  1  2  3 |
---------------+----------+-----
Fighting       | 2 |  2.6
Invocations    | 1 |  1.2
Dodging        | |  2.6
Unarmed Combat | |  3.5
Shapeshifting  | |  3.4

Action                     |  1- 3 |  4- 6 || total
---------------------------+-------+-------++-------
  Melee: Unarmed           |    36 |    35 ||    71
         Constrict         |    10 |    12 ||    22
         Tentacles         |     9 |     6 ||    15
  Throw: Dart              |       |     3 ||     3
   Stab: Sleeping          |     8 |     2 ||    10
 Armour: Skin              |    20 |    15 ||    35
  Dodge: Dodged            |    34 |    22 ||    56
